[Event "Team 45 45 League T29"]
[Site "Internet Chess Club"]
[Date "2006.01.21"]
[Round "4"]
[White "MoluscoGrotesco"]
[Black "e4ia"]
[Result "1/2-1/2"]
[WhiteElo "1673"]
[BlackElo "1551"]
[TimeControl "2700+45"]

1. e4 c5 2. c4 Nc6 3. Nf3 g6 4. Nc3 Bg7 5. Be2 e6 6. O-O Nge7 7. d3 O-O 8. a3 d5
9. cxd5 exd5 10. exd5 Nxd5 11. Qc2 Bf5 12. Nxd5 Qxd5 13. Be3 Nd4 14. Bxd4 cxd4
15. Nh4 Be6 16. Qd2 Rfc8 17. Nf3 Rc7 18. Rac1 Rac8 19. Rxc7 Rxc7 20. h3 Bd7 21.
Bd1 Qc5 22. Qf4 Bb5 23. Qd2 b6 24. Bb3 h6 25. Re1 Qf5 {Game drawn by mutual
agreement} 1/2-1/2  aics%

[Event "Team 45 45 League T29"]
[Site "Internet Chess Club"]
[Date "2006.01.14"]
[Round "4"]
[White "tammany"]
[Black "pumba"]
[Result "1-0"]
[WhiteElo "1580"]
[BlackElo "1530"]
[TimeControl "2700+45"]

1. e4 e6 2. d4 d5 3. e5 c5 4. c3 Nc6 5. Nf3 Bd7 6. Be2 Qb6 7. a3 Nh6 8. b4 cxd4
9. cxd4 Nf5 10. Bb2 a6 11. O-O Rc8 12. Qd3 Nce7 13. Nc3 Rc4 14. Qd2 Rc8 15. Rfc1
Bb5 16. Nxb5 Rxc1+ 17. Rxc1 axb5 18. Rc5 Nc6 19. Rxb5 Qa7 20. g4 Nfe7 21. Rc5
Ng6 22. Rc1 Qb6 23. h4 Be7 24. g5 h6 25. h5 Nh4 26. gxh6 Nxf3+ 27. Bxf3 gxh6 28.
Qd3 Rg8+ 29. Kf1 Kd7 30. b5 Na5 31. a4 Nc4 32. Rxc4 dxc4 33. Qxc4 Rc8 34. Qd3
Qc7 35. d5 Ke8 36. d6 Qd7 37. Qe4 Bg5 38. Qh7 Kd8 39. Bxb7 Rb8 40. Bc6 {Black
forfeits on time} 1-0  aics%  mgcortes(71): el final es el mismo para todos
aics%

[Event "Team 45 45 League T29"]
[Site "Internet Chess Club"]
[Date "2006.01.14"]
[Round "4"]
[White "Tomate"]
[Black "dougmo"]
[Result "0-1"]
[WhiteElo "1473"]
[BlackElo "1534"]
[TimeControl "2700+45"]

1. e4 e6 2. d4 d5 3. Nd2 Be7 4. e5 c5 5. c3 Nc6 6. Bb5 Bd7 7. Ne2 Nxe5 8. Bxd7+
Nxd7 9. O-O Ngf6 10. f4 O-O 11. Nf3 Ne4 12. Qe1 Rc8 13. Be3 cxd4 14. Bxd4 Bc5
15. Ng3 Bxd4+ 16. cxd4 Nxg3 17. Qxg3 Nf6 18. Nh4 Qb6 19. Qd3 Rc4 20. Rad1 Qxb2
21. Nf3 Rfc8 22. f5 Qc3 23. Qxc3 Rxc3 24. fxe6 fxe6 25. Ne5 Rc2 26. Rf2 Rxf2 27.
Kxf2 Ne4+ 28. Kf3 g6 29. h3 Rf8+ 30. Kg4 Nf2+ {White resigns} 0-1  aics% 
mgcortes(71): el que esta mas tiempo conectado del canal 71 aics%

[Event "Team 45 45 League T29"]
[Site "Internet Chess Club"]
[Date "2006.01.12"]
[Round "4"]
[White "jientho"]
[Black "Tomate"]
[Result "0-1"]
[WhiteElo "1394"]
[BlackElo "1487"]
[TimeControl "2700+45"]

1. e4 e5 2. Nf3 Nc6 3. Bc4 Nf6 4. Ng5 d5 5. exd5 b5 6. Bf1 h6 7. Nf3 Qxd5 8. Nc3
Qe6 9. Bxb5 Bb7 10. O-O O-O-O 11. Bxc6 Bxc6 12. Re1 Bd6 13. Qe2 Rhe8 14. Qa6+
Bb7 15. Qxa7 e4 16. d3 Qg4 17. dxe4 Nxe4 18. Qa4 f5 19. Bd2 Qg6 20. Re2 Nc5 21.
Qh4 Bxf3 22. g3 Bxe2 23. Re1 Ba6 24. Nd5 Rxe1+ 25. Bxe1 Bxg3 26. Ne7+ Kb7 27.
Nxg6 Bxh4 28. Nxh4 g5 29. Nxf5 h5 30. f3 Ne6 31. c3 Rf8 32. Ng3 h4 33. Ne4 Rxf3
34. Bd2 Rf8 35. h3 Bd3 36. Nxg5 Rg8 37. Kf2 Nxg5 38. Kg2 Ne4+ {White resigns}
0-1  aics%  JudokaUsa(340): hehe can you tell me what my trap was? aics%

[Event "Team 45 45 League T29"]
[Site "Internet Chess Club"]
[Date "2006.01.17"]
[Round "4"]
[White "moreffee"]
[Black "Knight-Rookie"]
[Result "1-0"]
[WhiteElo "1392"]
[BlackElo "1497"]
[TimeControl "2700+45"]

1. e4 c5 2. d4 cxd4 3. c3 dxc3 4. Nxc3 e5 5. Nf3 d6 6. Bc4 Bg4 7. Bxf7+ Kxf7 8.
Nxe5+ Ke8 9. Nxg4 Be7 10. O-O Nf6 11. Nxf6+ Bxf6 12. Nd5 Rf8 13. Qb3 b6 14. Be3
Nd7 15. Rac1 Nc5 16. Qb5+ Kf7 17. Qc4 Kg8 18. Nxf6+ Kh8 19. Nh5 Nd7 20. Nf4 Ne5
21. Qd5 Qe7 22. Rfd1 Nf7 23. Qh5 Qxe4 24. Re1 Rae8 25. Kf1 Re5 26. Qd1 Ree8 27.
Qd5 Qa4 28. Qb3 Qa6+ 29. Kg1 Ne5 30. Rf1 Qb7 31. Qd5 Qd7 32. Nh3 Ng4 33. Bf4 Rd8
34. Rc6 Rf6 35. Bg5 Rf5 36. Qc4 Ne5 37. Qe4 Nxc6 38. Bxd8 Nxd8 39. Re1 Rf8 40.
Ng5 g6 41. Qd4+ Kg8 42. Qd5+ Nf7 43. Ne6 Re8 44. Kf1 Kh8 45. Qd4+ Kg8 46. Qg7#
{Black checkmated} 1-0  aics%

[Event "Team 45 45 League T29"]
[Site "Internet Chess Club"]
[Date "2006.01.11"]
[Round "4"]
[White "GLuft"]
[Black "wellfred"]
[Result "1-0"]
[WhiteElo "1127"]
[BlackElo "1199"]
[TimeControl "2700+45"]

1. e4 e5 2. Nf3 Nc6 3. d4 exd4 4. Nxd4 Nxd4 5. Qxd4 c5 6. Qd3 d6 7. Nc3 Be6 8.
Be2 a6 9. Nd5 Bxd5 10. Qxd5 Qc7 11. Bc4 Nf6 12. Qf5 Qd7 13. Qxd7+ Nxd7 14. O-O
Be7 15. Bd5 Rb8 16. Bd2 O-O 17. c4 Rfe8 18. Rfe1 Nf6 19. f3 Nxd5 20. exd5 Bf6
21. Bc3 Rxe1+ 22. Rxe1 Bxc3 23. bxc3 Kf8 24. a4 Re8 25. Kf2 Rxe1 26. Kxe1 Ke7
27. a5 g6 28. g4 Kf6 29. f4 h5 30. h3 hxg4 31. hxg4 g5 32. Kf2 gxf4 33. Kf3 Ke5
34. Ke2 f6 35. Kf3 f5 36. g5 {Black resigns} 1-0  aics%

[Event "Team 45 45 League T29"]
[Site "Internet Chess Club"]
[Date "2006.01.16"]
[Round "4"]
[White "chevalpnh"]
[Black "G11825"]
[Result "0-1"]
[WhiteElo "1225"]
[BlackElo "1346"]
[TimeControl "2700+45"]

1. e4 e5 2. Nf3 Nc6 3. Bc4 Nf6 4. Ng5 d5 5. exd5 Nxd5 6. d3 Be7 7. Nxf7 Kxf7 8.
Qf3+ Ke6 9. Nc3 Nb4 10. Qg4+ Kf7 11. Qf3+ Ke6 12. Qg4+ Kd6 13. Nb5+ Kc6 14. Qe2
a6 15. Bxd5+ Qxd5 16. Na3 Qxg2 17. Rf1 Bd6 18. c3 Nd5 19. d4 exd4 20. cxd4 b5
21. Bd2 Bd7 22. Rc1+ Kb6 23. Nc2 Rhe8 24. Ne3 Nxe3 25. Bxe3 Kb7 26. Qc2 Bf4 27.
Qc3 Rac8 28. a4 Be6 29. Bxf4 Bc4+ 30. Kd2 Bxf1 31. Be3 Bc4 32. b3 Bd5 33. axb5
axb5 34. Qc5 c6 35. Kc3 Qe4 36. Kb4 Qd3 37. Qd6 Qxb3+ 38. Kc5 Qa3# {White
checkmated} 0-1  aics%

[Event "Team 45 45 League T29"]
[Site "Internet Chess Club"]
[Date "2006.01.12"]
[Round "4"]
[White "PaleMorningDun"]
[Black "LaskerFan"]
[Result "0-1"]
[WhiteElo "1261"]
[BlackElo "1370"]
[TimeControl "2700+45"]

1. e4 c5 2. d4 cxd4 3. c3 d5 4. Qa4+ Nc6 5. exd5 Qxd5 6. Nf3 Bg4 7. Nxd4 Nf6 8.
f3 Bh5 9. Nxc6 bxc6 10. Bc4 Qd7 11. O-O O-O-O 12. Ba6+ Kb8 13. Qb4+ Ka8 14. Be3
Rb8 15. Qa3 e5 16. b4 e4 17. Nd2 Bg6 18. Rfd1 Qc7 19. Qb3 Bd6 20. h3 exf3 21.
Nxf3 Be4 22. Be2 Nh5 23. Ng5 Bd5 24. Bc4 Bh2+ 25. Kf1 Rhe8 26. Bxd5 Rxe3 27. Bf3
Ng3+ 28. Kf2 Qf4 29. Qxf7 Re2# {White checkmated} 0-1  aics%

[Event "Team 45 45 League T29"]
[Site "Internet Chess Club"]
[Date "2006.01.13"]
[Round "4"]
[White "JimGaming"]
[Black "Mutaant"]
[Result "0-1"]
[WhiteElo "1238"]
[BlackElo "1362"]
[TimeControl "2700+45"]

1. e4 e5 2. Nf3 Nc6 3. Bb5 a6 4. Bxc6 dxc6 5. d3 Bc5 6. O-O Qf6 7. Be3 Ba7 8.
Bxa7 Rxa7 9. Nbd2 Ne7 10. h3 O-O 11. d4 exd4 12. Nc4 c5 13. Re1 h6 14. Nh2 Ng6
15. Qh5 b6 16. Nf3 Nf4 17. e5 Qg6 18. Qxg6 Nxg6 19. a4 Bb7 20. e6 fxe6 21. Rxe6
Nf4 22. Re7 Bxf3 23. gxf3 Nxh3+ 24. Kg2 Ng5 25. Ne5 Rf5 26. Re1 Nf7 27. Nc6 Rb7
28. Re8+ Kh7 29. Rf8 Rf6 30. Rxf7 Rxf7 31. Nd8 c6 32. Nxb7 Rxb7 33. Re6 Rc7 34.
f4 a5 35. Kf3 b5 36. Ke4 Kg8 37. f5 Kf7 38. Ke5 Re7 39. Kd6 Rxe6+ 40. fxe6+ Ke8
41. Kxc6 bxa4 42. Kxc5 h5 43. Kxd4 h4 44. Ke4 Ke7 45. Kf4 Kxe6 46. Kg4 Ke5 47.
Kxh4 Kf4 48. c4 Ke5 49. Kg5 Kd4 50. f4 Kxc4 51. Kg6 Kb3 52. Kxg7 Kxb2 53. f5 a3
54. f6 a2 55. f7 a1=Q 56. f8=Q Kb3+ 57. Kg6 Qg1+ 58. Kh5 Qh2+ 59. Kg4 Qg2+ 60.
Kh4 Qe4+ 61. Kg3 a4 62. Qb8+ Qb4 63. Qg8+ Ka3 64. Kf2 Qb2+ 65. Ke3 Qb3+ 66.
Qxb3+ axb3 67. Kd3 Ka2 68. Kd2 b2 69. Kc2 b1=Q+ {White resigns} 0-1  aics%

[Event "Team 45 45 League T29"]
[Site "Internet Chess Club"]
[Date "2006.01.12"]
[Round "4"]
[White "Leftorium"]
[Black "Hastings"]
[Result "1-0"]
[WhiteElo "1287"]
[BlackElo "1231"]
[TimeControl "2700+45"]

1. e4 e5 2. Nf3 Nc6 3. Bb5 d6 4. O-O Nf6 5. d3 Be7 6. Nc3 O-O 7. Be3 a6 8. Bxc6
bxc6 9. d4 exd4 10. Nxd4 Qe8 11. b3 c5 12. Nf5 Bxf5 13. exf5 Qd7 14. Qf3 Rab8
15. Rae1 Rfe8 16. Bg5 Rb4 17. a3 Rbb8 18. Re2 Bf8 19. Bxf6 gxf6 20. Ne4 Bg7 21.
Qg4 Kh8 22. Re3 Rg8 23. Rh3 Rbe8 24. Rxh7+ Kxh7 25. Qh4+ Bh6 26. Nxf6+ Kg7 27.
Nxd7 {Black resigns} 1-0  aics%

[Event "Team 45 45 League T29"]
[Site "Internet Chess Club"]
[Date "2006.01.18"]
[Round "4"]
[White "MrLee"]
[Black "martineden"]
[Result "0-1"]
[WhiteElo "1673"]
[BlackElo "1754"]
[TimeControl "2700+45"]

1. Nf3 d5 2. d4 Nf6 3. c4 dxc4 4. e3 Bg4 5. Bxc4 e6 6. h3 Bh5 7. Nc3 Nbd7 8. O-O
Bd6 9. e4 e5 10. g4 Bg6 11. dxe5 Nxe5 12. Nxe5 Bxe5 13. f4 Qd4+ 14. Qxd4 Bxd4+
15. Kh2 Bxc3 16. bxc3 Bxe4 17. g5 Bd5 18. Bb5+ Nd7 19. c4 c6 20. cxd5 cxb5 21.
Re1+ Kd8 22. Bb2 f6 23. Rac1 Rf8 24. Ba3 Rf7 25. Kg3 fxg5 26. fxg5 a5 27. Re6 b4
28. Rce1 Ra6 29. d6 Nc5 30. Re7 Rxe7 31. dxe7+ Ke8 32. Bb2 Nd3 33. Re2 Nxb2 34.
Rxb2 Kxe7 35. Rc2 Rc6 36. Re2+ Kf7 37. Kf4 h6 38. gxh6 gxh6 39. Re5 b6 {White
resigns} 0-1  aics%

[Event "Team 45 45 League T29"]
[Site "Internet Chess Club"]
[Date "2006.01.15"]
[Round "4"]
[White "jmoffitt"]
[Black "smitty120"]
[Result "0-1"]
[WhiteElo "1602"]
[BlackElo "1756"]
[TimeControl "2700+45"]

1. e4 c5 2. Nf3 d6 3. d4 cxd4 4. Nxd4 Nf6 5. Nc3 a6 6. f3 e5 7. Nb3 Be6 8. Be3
Nbd7 9. Qd2 Be7 10. O-O-O b5 11. g4 Nb6 12. g5 b4 13. Ne2 Nc4 14. Qd3 Nh5 15. h4
a5 16. Bf2 Qc7 17. Nd2 Rc8 18. Nxc4 Bxc4 19. Qd2 b3 20. Nc3 bxa2 21. Nxa2 Bxa2
22. Bb5+ Kf8 23. Ba4 Qc4 24. Bd7 Rc7 25. Bg4 Nf4 26. Rhe1 Qa4 27. Re3 Bb3 {White
resigns} 0-1  aics%

[Event "Team 45 45 League T29"]
[Site "Internet Chess Club"]
[Date "2006.01.15"]
[Round "4"]
[White "BorgCollective"]
[Black "tryanything"]
[Result "1-0"]
[WhiteElo "1503"]
[BlackElo "1531"]
[TimeControl "2700+45"]

1. f4 d5 2. Nf3 Nf6 3. e3 Bg4 4. b3 e6 5. Bb2 Bd6 6. Be2 O-O 7. Ne5 Bxe2 8. Qxe2
Nbd7 9. O-O c6 10. d3 Qc7 11. Nxd7 Nxd7 12. Qg4 f6 13. Qxe6+ Kh8 14. Qg4 Rae8
15. Rf3 Bc5 16. d4 Bd6 17. Rh3 h6 18. Nd2 f5 19. Qg6 Re7 20. Rf1 Rf6 21. Qh5 Nf8
22. c4 Bb4 23. Nb1 Qc8 24. a3 Ba5 25. b4 Bc7 26. cxd5 cxd5 27. Nc3 Qd7 28. Qf3
Rd6 29. Rh5 Nh7 30. Qh3 Re8 31. Rxf5 Rf6 32. Rxd5 Qxh3 33. gxh3 Rxe3 34. Rd7
Bxf4 35. Rd8+ Nf8 36. Kh1 Rxh3 37. Rf2 Kh7 38. Nd5 Rd6 39. Rxf8 Rxd5 40. R8xf4
Rg5 41. Rg2 Rb3 42. Rxg5 hxg5 43. Rf2 Kh6 44. Rd2 Kh5 45. d5 Kh4 46. d6 g4 47.
d7 Kh3 48. d8=Q g3 49. Qh8+ Kg4 {Black resigns} 1-0  aics%

[Event "Team 45 45 League T29"]
[Site "Internet Chess Club"]
[Date "2006.01.15"]
[Round "4"]
[White "klassact"]
[Black "stan194803"]
[Result "0-1"]
[WhiteElo "1310"]
[BlackElo "1455"]
[TimeControl "2700+45"]

1. e4 e5 2. Nf3 Nc6 3. Bc4 Nf6 4. Nc3 Nxe4 5. Bxf7+ Kxf7 6. Nxe4 Be7 7. d4 exd4
8. Nxd4 Re8 9. O-O Kg8 10. Nf5 d6 11. Nxe7+ Nxe7 12. Bg5 Bf5 13. Bxe7 Qxe7 14.
Ng3 Bg6 15. c3 Rad8 16. Qb3+ Kh8 17. h3 b6 18. Rfe1 Qd7 19. c4 Rf8 20. Re3 Qf7
21. Rf3 Qe8 22. Rxf8+ Qxf8 23. Re1 Qf4 24. Re7 Rf8 25. Qe3 Qxc4 26. Ne2 Qxa2 27.
Nf4 Qxb2 28. Nxg6+ hxg6 29. Rxc7 a5 30. Rc4 d5 31. Rh4+ Kg8 32. Qe6+ Rf7 33. Rf4
Qc1+ {White resigns} 0-1  aics%

[Event "Team 45 45 League T29"]
[Site "Internet Chess Club"]
[Date "2006.01.16"]
[Round "4"]
[White "calily"]
[Black "gravitydk"]
[Result "1/2-1/2"]
[WhiteElo "1622"]
[BlackElo "1788"]
[TimeControl "2700+45"]

1. e4 e5 2. Nf3 Nc6 3. Bc4 Nf6 4. d3 d5 5. exd5 Nxd5 6. a3 a5 7. O-O Bg4 8. Re1
Be7 9. h3 Bxf3 10. Qxf3 Nd4 11. Qd1 f6 12. Nc3 c6 13. Nxd5 cxd5 14. Ba2 O-O 15.
c3 Nc6 16. Qf3 Kh8 17. Bxd5 Rc8 18. Be3 Qd7 19. Rad1 f5 20. Bxc6 Rxc6 21. Bc1
Re6 22. b4 Qc7 23. Bf4 Qxc3 24. Qd5 Rd6 25. Qxe5 Qxe5 26. Bxe5 Rd7 27. bxa5 Bxa3
28. Re3 Rd5 29. d4 Rxa5 30. Ra1 Bb4 31. Rxa5 Bxa5 32. Rb3 Rf7 33. Rb5 b6 34. Rd5
h6 35. f4 {Game drawn by mutual agreement} 1/2-1/2  aics%

[Event "Team 45 45 League T29"]
[Site "Internet Chess Club"]
[Date "2006.01.13"]
[Round "4"]
[White "stakastra"]
[Black "egd01"]
[Result "1/2-1/2"]
[WhiteElo "1591"]
[BlackElo "1478"]
[TimeControl "2700+45"]

1. e4 e5 2. Nc3 Nc6 3. Bc4 d6 4. h3 Nf6 5. Nf3 Na5 6. Be2 Be6 7. d3 Be7 8. Bd2
Nc6 9. Bg5 h6 10. Bh4 Nh5 11. Bxe7 Nxe7 12. Nxe5 Nf4 13. Ng4 Nxg2+ 14. Kf1 Nf4
15. Qd2 h5 16. Qxf4 hxg4 17. Bxg4 Ng6 18. Qg3 Qf6 19. Bxe6 fxe6 20. Re1 O-O-O
21. Re2 Rdf8 22. d4 Nf4 23. Rd2 Qh6 24. Ke1 g5 25. Ne2 g4 26. Nxf4 Rxf4 27. h4
Rxe4+ 28. Kd1 Qf6 29. c3 Rh5 30. Re2 Qf5 31. Kd2 Rxe2+ 32. Kxe2 Qc2+ 33. Ke3
Qxb2 34. Qxg4 Qxc3+ 35. Ke2 Qc4+ 36. Ke3 Ra5 37. Qg8+ Kd7 38. Qf7+ Kc6 39. Qe8+
Kb6 40. Rb1+ Ka6 41. Qc8 Ra3+ 42. Rb3 Rxb3+ 43. axb3 Qxb3+ 44. Kf4 Qh3 45. Qxc7
Qxh4+ 46. Ke3 Qg5+ 47. Ke2 Qd5 48. Qc3 Qa2+ 49. Kf1 d5 50. Kg2 Qc4 51. Qa3+ Kb6
52. Qd6+ Qc6 53. Qb4+ Kc7 54. Qe7+ Kb6 55. Qb4+ Ka6 56. Qa3+ Kb6 57. Qb4+ Kc7
58. Qe7+ Qd7 59. Qc5+ Kb8 60. Qf8+ Kc7 61. Qc5+ Kd8 62. Qxa7 Ke7 63. Qb6 Kf6 64.
f3 Qg7+ 65. Kf2 Kf5 66. Qb1+ Kg5 67. Qc1+ Kg6 68. Qc2+ Kh6 69. Qc1+ Qg5 70. Qb2
Qh4+ 71. Ke3 Qe1+ 72. Kf4 Qh4+ 73. Ke3 Qg5+ 74. Kf2 Qf4 75. Qb6 Qh2+ 76. Ke3
Qg1+ 77. Ke2 Qg2+ 78. Ke3 Qg5+ 79. Kf2 Qf6 80. Ke3 Qe7 81. Qb2 Qg5+ 82. Kf2
{Game drawn by repetition} 1/2-1/2  aics%

[Event "Team 45 45 League T29"]
[Site "Internet Chess Club"]
[Date "2006.01.15"]
[Round "4"]
[White "mambomex"]
[Black "Trixi"]
[Result "1-0"]
[WhiteElo "1644"]
[BlackElo "1476"]
[TimeControl "2700+45"]

1. e4 e5 2. f4 Bc5 3. Nf3 d6 4. Bc4 Nc6 5. c3 Nf6 6. d4 exd4 7. cxd4 Bb4+ 8. Bd2
Bxd2+ 9. Nbxd2 Qe7 10. O-O O-O 11. e5 dxe5 12. fxe5 Ne8 13. Qb3 Na5 14. Qc3 Nxc4
15. Nxc4 Be6 16. Ne3 f6 17. a3 fxe5 18. Nxe5 Nf6 19. Rad1 Ne4 20. Qc2 Nf6 21.
Nf5 Qd8 22. Ne3 Nd5 23. Rxf8+ Kxf8 24. Nxd5 Bxd5 25. Qxh7 Qg5 26. Ng6+ Kf7 27.
Rf1+ Ke6 28. Nf4+ Kd6 29. Nxd5 Qxd5 30. Qxg7 Rg8 31. Rf6+ {Black resigns} 1-0 
aics%

[Event "Team 45 45 League T29"]
[Site "Internet Chess Club"]
[Date "2006.01.15"]
[Round "4"]
[White "Mississippian"]
[Black "arriero55"]
[Result "0-1"]
[WhiteElo "1454"]
[BlackElo "1498"]
[TimeControl "2700+45"]

1. e4 e5 2. Nf3 Nc6 3. d4 exd4 4. Nxd4 Bc5 5. Nxc6 Qf6 6. Qd2 dxc6 7. Bc4 Be6 8.
Bxe6 Qxe6 9. O-O Nf6 10. h3 Nxe4 11. Qf4 Nxf2 12. Qf3 Qe5 13. Nd2 Ng4+ 14. Rf2
Qe1+ 15. Nf1 Bxf2+ 16. Qxf2 Qxf2+ 17. Kh1 Qxf1# {White checkmated} 0-1  aics%

[Event "Team 45 45 League T29"]
[Site "Internet Chess Club"]
[Date "2006.01.16"]
[Round "4"]
[White "sdcohle"]
[Black "Traho"]
[Result "1-0"]
[WhiteElo "1370"]
[BlackElo "1289"]
[TimeControl "2700+45"]

1. d4 Nf6 2. c4 c5 3. e3 d6 4. Nf3 g6 5. dxc5 Qa5+ 6. Nc3 Qxc5 7. Be2 Bd7 8. O-O
Bg7 9. Rb1 a5 10. b3 Na6 11. Bb2 O-O 12. Re1 Qc7 13. Qc2 Bc6 14. a3 Rfd8 15. Nd4
Bd7 16. Bf3 Bc6 17. Bxc6 bxc6 18. e4 e5 19. Nf3 Nb8 20. Rbc1 d5 21. cxd5 cxd5
22. Qe2 Qb7 23. exd5 Qxb3 24. Nd2 Qxb2 25. Nb5 e4 26. Rb1 Qe5 27. Nxe4 Nxe4 28.
Qxe4 Nd7 29. Qd3 Qf5 30. Qb3 Rab8 31. Qd1 Qg5 32. Qe2 Qxd5 33. Red1 Qe5 34. Qf1
Rdc8 35. Rxd7 Qe6 36. Rdd1 Bf8 37. Nd4 Qe5 38. Rxb8 Qxb8 39. a4 Rc4 40. Qxc4 Qd6
41. Qb3 Qc5 42. Nf3 Qc3 43. Qxc3 {Black resigns} 1-0  aics%

[Event "Team 45 45 League T29"]
[Site "Internet Chess Club"]
[Date "2006.01.11"]
[Round "4"]
[White "Mila-Reina"]
[Black "littleboo"]
[Result "1-0"]
[WhiteElo "1332"]
[BlackElo "1220"]
[TimeControl "2700+45"]

1. e4 e5 2. Nf3 Nc6 3. d4 exd4 4. Nxd4 Nxd4 5. Qxd4 Qf6 6. e5 Qb6 7. Qf4 d5 8.
b3 Qg6 9. Qd2 Qe4+ 10. Qe2 Bf5 11. Nc3 Bb4 12. Bb2 d4 13. O-O-O dxc3 14. Qxe4
cxb2+ 15. Kxb2 Bxe4 16. Rd4 Bc5 17. Rxe4 Bxf2 18. e6 fxe6 19. Rxe6+ Ne7 20. Bb5+
Kf7 21. Re2 Bd4+ 22. c3 Bf6 23. Rf1 Nd5 24. Bc4 Rad8 25. g4 Kg6 26. Rf3 c6 27.
Bd3+ {Black resigns} 1-0  aics%

[Event "Team 45 45 League T29"]
[Site "Internet Chess Club"]
[Date "2006.01.15"]
[Round "4"]
[White "vhuffst"]
[Black "Havoc"]
[Result "1-0"]
[WhiteElo "1291"]
[BlackElo "1253"]
[TimeControl "2700+45"]

1. e4 c5 2. Nf3 g6 3. d4 cxd4 4. Nxd4 Nc6 5. Nc3 Bg7 6. Be3 Nf6 7. Bc4 O-O 8.
O-O d6 9. f3 e5 10. Ndb5 b6 11. Qxd6 Qxd6 12. Nxd6 Na5 13. Bd3 Rd8 14. Ncb5 Rd7
15. Rfd1 Ba6 16. Rd2 Bxb5 17. Bxb5 Rc7 18. Rad1 Rd8 19. c4 Nc6 20. b3 Nd4 21.
Bxd4 exd4 22. Rxd4 Nh5 23. R4d2 Nf4 24. g3 Ne6 25. Kf2 Rc5 26. a3 Rh5 27. h4 Nc5
28. b4 Ne6 29. f4 Bf8 30. e5 Be7 31. Bc6 f6 32. Bd5 Bxd6 33. Bxe6+ Kg7 34. Rxd6
Rxd6 35. exd6 Kf8 36. d7 Kg7 37. d8=Q f5 38. Qg8+ Kh6 39. Qf8# {Black
checkmated} 1-0  aics%

[Event "Team 45 45 League T29"]
[Site "Internet Chess Club"]
[Date "2006.01.13"]
[Round "4"]
[White "engeln"]
[Black "EyeAm"]
[Result "1-0"]
[WhiteElo "1465"]
[BlackElo "1345"]
[TimeControl "2700+45"]

1. d4 f5 2. c4 Nf6 3. Nc3 g6 4. Nf3 Bg7 5. e3 O-O 6. Qc2 b6 7. e4 fxe4 8. Nxe4
Bb7 9. d5 d6 10. Bg5 Nxe4 11. Qxe4 Bf6 12. Bh6 Rf7 13. Ng5 Bxg5 14. Bxg5 Qf8 15.
f3 Nd7 16. O-O-O Nf6 17. Qh4 Rc8 18. Bd3 Nh5 19. Rhe1 Nf6 20. Re6 c6 21. Kb1
cxd5 22. Rde1 Rc7 23. Bxf6 Rxf6 24. R6e3 dxc4 25. Bxc4+ Rxc4 26. Qxc4+ Kg7 27.
Rxe7+ Rf7 28. Qd4+ Kg8 29. Re8 Qxe8 30. Rxe8+ {Black resigns} 1-0  aics%

[Event "Team 45 45 League T29"]
[Site "Internet Chess Club"]
[Date "2006.01.15"]
[Round "4"]
[White "WannaB"]
[Black "arconia"]
[Result "0-1"]
[WhiteElo "1131"]
[BlackElo "1316"]
[TimeControl "2700+45"]

1. e4 e5 2. Nf3 d6 3. d4 Nd7 4. Bc4 Ngf6 5. Bxf7+ Kxf7 6. Ng5+ Kg8 7. O-O Qe7 8.
Re1 b6 9. c3 Bb7 10. Qb3+ d5 11. dxe5 Qxe5 12. Nf3 Qh5 13. Bg5 Bd6 14. Bxf6 gxf6
15. Nbd2 Nc5 16. Qc2 Re8 17. b4 Nxe4 18. Nxe4 dxe4 19. Qb3+ Kg7 20. Nd2 Qxh2+
21. Kf1 e3 22. Nf3 e2+ 23. Rxe2 Qh1+ 24. Ng1 Qxg2+ 25. Ke1 Qxg1+ 26. Kd2 Bf4+
27. Kc2 Rxe2+ 28. Kd3 Rd2+ 29. Kc4 Bd5+ 30. Kb5 Qxa1 31. c4 a6+ 32. Kxa6 Bc6
{White resigns} 0-1  aics%

[Event "Team 45 45 League T29"]
[Site "Internet Chess Club"]
[Date "2006.01.13"]
[Round "4"]
[White "dcuprill"]
[Black "rpgrossman"]
[Result "1-0"]
[WhiteElo "1103"]
[BlackElo "1057"]
[TimeControl "2700+45"]

1. e4 e5 2. Nf3 Nc6 3. d4 d6 4. d5 Nb4 5. Bd2 a5 6. a3 Na6 7. Nc3 Nf6 8. Bg5 h6
9. Bh4 Nc5 10. Qe2 Be7 11. O-O-O b6 12. h3 Ba6 13. Nb5 Ncxe4 14. Bxf6 Bxf6 15.
Qxe4 Qd7 16. a4 O-O 17. Bd3 g6 18. g4 Rac8 19. h4 c6 20. Nxd6 Bxd3 21. Qxd3 Qxd6
22. g5 Bg7 23. gxh6 Bxh6+ 24. Kb1 Rfe8 25. Ng5 Bxg5 26. hxg5 Qxd5 27. Qh3 Qe6
28. Qh8# {Black checkmated} 1-0  aics%

[Event "Team 45 45 League T29"]
[Site "Internet Chess Club"]
[Date "2006.01.17"]
[Round "4"]
[White "Zarek"]
[Black "fledermaus"]
[Result "0-1"]
[WhiteElo "1799"]
[BlackElo "2034"]
[TimeControl "2700+45"]

1. e4 c6 2. d4 d5 3. e5 Bf5 4. Nc3 h5 5. Bd3 Bxd3 6. Qxd3 e6 7. Nge2 c5 8. dxc5
Nc6 9. Qb5 Qd7 10. f4 a6 11. Qb6 Nge7 12. Be3 Nc8 13. Qb3 Na5 14. Qb4 Nc4 15.
Bd4 Na7 16. Bf2 Nc6 17. Qb3 N6a5 18. Qb4 Nc6 19. Qb3 N6a5 20. Qb4 b6 21. b3 bxc5
22. Bxc5 Nc6 23. Qa4 Bxc5 24. bxc4 d4 25. Ne4 Bb4+ 26. c3 dxc3 27. N2xc3 Bxc3+
28. Nxc3 O-O 29. Rd1 Qc7 30. Rd6 Rfc8 31. O-O Ne7 32. Rfd1 Qc5+ 33. Kf1 Nf5 34.
Rxa6 Rxa6 35. Qxa6 Ne3+ 36. Ke2 Nxd1 37. Nxd1 Qxc4+ 38. Qxc4 Rxc4 39. Kf3 Ra4
40. Nf2 Ra3+ 41. Ke4 Rxa2 42. Kf3 Ra3+ 43. Ke4 Ra4+ 44. Kf3 Kh7 45. g3 Kg6 46.
Ne4 Ra3+ 47. Kf2 f6 48. exf6 gxf6 49. Nd6 Ra2+ 50. Kg1 Ra6 51. Ne4 Kf5 52. Nc3
Rc6 53. Ne2 Ke4 54. Kf1 Ke3 55. Ng1 Rc2 56. h3 Rf2+ 57. Ke1 f5 58. h4 Rg2 59.
Kf1 Rxg3 60. Ne2 Rf3+ {White resigns} 0-1  aics%

[Event "Team 45 45 League T29"]
[Site "Internet Chess Club"]
[Date "2006.01.15"]
[Round "4"]
[White "Winclick"]
[Black "JohnnySP"]
[Result "0-1"]
[WhiteElo "1736"]
[BlackElo "1840"]
[TimeControl "2700+45"]

1. d4 Nf6 2. c4 g6 3. Nc3 d5 4. Nf3 Bg7 5. Bg5 c6 6. Bxf6 Bxf6 7. cxd5 cxd5 8.
Qa4+ Bd7 9. Qb3 Bc6 10. e3 O-O 11. h4 e6 12. Bd3 Nd7 13. Qc2 e5 14. dxe5 Nxe5
15. Nxe5 Bxe5 16. h5 Qe8 17. hxg6 fxg6 18. O-O-O Rc8 19. Qd2 Qf7 20. f4 Bg7 21.
Kb1 d4 22. exd4 Bxd4 23. Ne4 Bxe4 24. Bxe4 Rfd8 25. f5 Qg7 26. fxg6 hxg6 27. Qb4
Rc7 28. Rd3 Rcd7 29. Qb3+ Qf7 30. Bxg6 Qxb3 31. Rxb3 Kg7 32. Be4 b6 33. Rf3 Kg8
34. Rf5 Kg7 35. g4 Be3 36. Rff1 Bg5 37. Rh7+ Kg8 38. Rxd7 Rxd7 39. a4 a5 40. Rf5
Be3 41. Bd5+ Kg7 42. Kc2 Rc7+ 43. Kd3 Bc1 44. b3 Bb2 45. Ke4 Re7+ 46. Kf3 Bd4
47. Be4 Rc7 48. Bd5 Re7 49. Bc4 Re3+ 50. Kf4 Re7 51. Rd5 Be3+ 52. Kf5 Rf7+ 53.
Ke6 Rf6+ 54. Ke5 Rf7 55. Rd8 Re7+ 56. Kd6 Bc5+ 57. Kc6 Kf6 58. Rb8 Rg7 59. Be2
Kg5 60. Rxb6 Bxb6 61. Kxb6 Re7 62. Kxa5 Rxe2 63. b4 Kxg4 64. b5 Re5 65. Kb6 Kf5
66. Kb7 Ke6 67. Kc6 Re4 68. a5 Rc4+ 69. Kb6 Kd7 70. Kb7 Rc7+ 71. Kb6 Kc8 72. Ka6
Kb8 73. b6 Rc5 74. b7 Rc6+ 75. Kb5 Kxb7 76. Kb4 Ka6 77. Ka4 Rc5 78. Kb4 Rxa5 79.
Kc4 Rb5 80. Kc3 Kb6 81. Kc4 Kc6 82. Kd4 Rc5 83. Ke4 Rh5 84. Kf4 Kd5 85. Kg4 Re5
86. Kf4 Kd4 87. Kf3 Rf5+ 88. Kg4 Ke4 89. Kg3 Rf8 90. Kg2 Ke3 91. Kg1 Ke2 92. Kg2
Rg8+ 93. Kh3 Kf3 94. Kh4 Rg4+ 95. Kh5 Kf4 96. Kh6 Kf5 97. Kh5 Rg1 98. Kh4 Rg4+
99. Kh5 Re4 100. Kh6 Re7 {White resigns} 0-1  aics%

[Event "Team 45 45 League T29"]
[Site "Internet Chess Club"]
[Date "2006.01.16"]
[Round "4"]
[White "martineden"]
[Black "Sean"]
[Result "1-0"]
[WhiteElo "1740"]
[BlackElo "1691"]
[TimeControl "2700+45"]

1. d4 Nf6 2. c4 g6 3. f3 Bg7 4. e4 d6 5. Ne2 O-O 6. Nec3 e5 7. d5 c5 8. Be2 a6
9. O-O Nbd7 10. Be3 h6 11. Nd2 Nh5 12. a3 Nf4 13. b4 b6 14. Kh1 Nxe2 15. Qxe2
Kh7 16. Qf2 Qe7 17. Rfb1 Qd8 18. Qg3 Nf6 19. bxc5 bxc5 20. Rb3 Nh5 21. Qe1 Nf4
22. Rab1 f5 23. Bxf4 exf4 24. Ne2 g5 25. Qc1 Re8 26. Qc2 Kh8 27. Rb6 Re7 28. Nc3
fxe4 29. Ndxe4 Be5 30. h3 Bf5 31. Rb7 Rxb7 32. Rxb7 Rb8 33. Qb2 Rxb7 34. Qxb7
Qc8 35. Qb6 Qa8 36. Nxd6 Bxc3 37. Nxf5 Qf8 38. Qxh6+ Qxh6 39. Nxh6 Kg7 40. Nf5+
Kf6 41. Nd6 Ke5 42. Ne4 Bd4 43. Nxg5 Bb2 44. a4 Ba3 45. Ne4 Kd4 46. d6 Bb4 47.
h4 Kxc4 48. h5 Kb3 49. h6 c4 50. h7 c3 51. h8=Q c2 52. Qa1 Ba5 53. d7 Bb4 54.
d8=Q Ba3 55. Qd3+ Kxa4 56. Qaxa3# {Black checkmated} 1-0  aics%